 Dungeon Crawl Stone Soup version 0.23-a0-550-g7de1f8e (webtiles) character file.

332050 JeffiDaFish the Petrodigitator (level 21, -8/112 HPs)
             Began as a Gargoyle Earth Elementalist on Dec 6, 2018.
             Was the Champion of Sif Muna.
             Mangled by Mennas
             ... wielding a +4 sacred scourge of holy wrath
              (19 damage)
             ... on level 4 of the Vaults on Dec 8, 2018.
             The game lasted 03:33:43 (54222 turns).

JeffiDaFish the Petrodigitator (GrEE)              Turns: 54222, Time: 03:33:44

Health: -8/112     AC: 37    Str: 17    XL:     21   Next: 78%
Magic:  13/51      EV: 12    Int: 29    God:    Sif Muna [******]
Gold:   3290       SH: 10    Dex: 15    Spells: 13/55 levels left

rFire    . . .     SeeInvis .   O - +5 short sword "Mailly" {protect, Int+4}
rCold    . . .     Gourm    .   u - +0 buckler
rNeg     + + .     Faith    .   C - +4 troll leather armour {Snorg}
rPois    ∞         Spirit   .   E - +1 helmet of Absolutism {rN+ Str+2}
rElec    +         Reflect  +   M - +2 cloak {MR+}
rCorr    .         Harm     .   m - +2 pair of gloves
MR       ++...                  i - +0 pair of boots
Stlth    +.........             c - +5 amulet of reflection
HPRegen  0.68/turn              g - ring of magical power
MPRegen  0.32/turn              P - +5 ring of dexterity

@: flying, glowing, studying 2 skills, divine energy
A: big wings, icy blue scales 1, clever 1, negative energy resistance 1,
electricity resistance, unbreathing, petrification resistance, rot immunity,
subdued magic 1, AC +16
}: 2/15 runes: barnacled, gossamer
a: Stop Flying, Stop Divine Energy, Channel Magic, Forget Spell, Renounce
Religion


You were on level 4 of the Vaults.
You worshipped Sif Muna.
Sif Muna was exalted by your worship.
You were hungry.

You visited 7 branches of the dungeon, and saw 36 of its levels.
You also visited: Sewer, Gauntlet and Wizlab.

You collected 4545 gold pieces.
You spent 1255 gold pieces at shops.

Inventory:

Hand Weapons
 O - the +5 short sword "Mailly" (weapon) {protect, Int+4}
   (You took it off a minotaur in a Gauntlet)

   It protects the one who uses it against injury (+AC on strike).
   It affects your intelligence (+4).
Missiles
 t - 332 stones (quivered)
Armour
 a - a scarf of cloud immunity
 i - a +0 pair of boots (worn)
 m - a +2 pair of gloves (worn)
 u - a +0 buckler (worn)
 C - a +4 troll leather armour (worn) {Snorg}
 E - the +1 helmet of Absolutism (worn) {rN+ Str+2}
   (You bought it in a shop on level 12 of the Dungeon)

   It affects your strength (+2).
   It protects you from negative energy.
 M - a +2 cloak of magic resistance (worn)
Jewellery
 c - a +5 amulet of reflection (around neck)
 g - a ring of magical power (left hand)
 v - an uncursed ring of see invisible
 H - an uncursed ring of protection from fire
 L - the ring "Onge" {rPois rN+ MR+ Dex+3 Stlth+}
   (You found it in a wizard's laboratory)

   [ring of stealth]

   It affects your dexterity (+3).
   It protects you from poison.
   It protects you from negative energy.
   It affects your resistance to hostile enchantments.
   It makes you more stealthy.
 N - the ring "Tuiczun" {rC++ MR+ Stlth+}
   (You took it off a minotaur in a Gauntlet)

   [ring of stealth]

   It greatly protects you from cold.
   It affects your resistance to hostile enchantments.
   It makes you more stealthy.
 P - a +5 ring of dexterity (right hand)
Wands
 o - a wand of acid (46)
 B - a wand of digging (2)
 I - a wand of clouds (11)
 R - a wand of iceblast (5)
Scrolls
 b - a scroll of fear
 e - 17 scrolls of remove curse
 k - 6 scrolls of identify
 q - 10 scrolls of fog
 r - 8 scrolls of magic mapping
 y - 3 scrolls of amnesia
 A - 8 scrolls of teleportation
 J - a scroll of enchant weapon
 S - a scroll of enchant armour
Potions
 f - 10 potions of curing
 h - 4 potions of agility
 j - 4 potions of brilliance
 l - 4 potions of mutation
 n - 2 potions of magic
 p - 11 potions of flight
 w - 7 potions of ambrosia
 x - 2 potions of invisibility
 F - 3 potions of might
 G - 2 potions of resistance
 K - 2 potions of heal wounds
 Q - 2 potions of haste
Books
 z - a manual of Translocations
 D - a manual of Polearms
Comestibles
 d - 39 rations
 s - 8 chunks of flesh


   Skills:
 - Level 6.0 Fighting
 - Level 6.0 Armour
 - Level 1.5 Dodging
 - Level 2.2 Stealth
 - Level 4.0 Shields
 + Level 17.7 Spellcasting
 * Level 19.4 Conjurations
   Level 0.7 Transmutations
 - Level 4.0 Fire Magic
 O Level 27 Earth Magic


You had 13 spell levels left.
You knew the following spells:

 Your Spells              Type           Power        Failure   Level  Hunger
a - Sandblast             Erth           ######       0%          1    None
b - Stone Arrow           Conj/Erth      ######       0%          3    None
c - Lee's Rapid Deconstr  Erth           #######...   0%          5    None
d - Bolt of Magma         Conj/Fire/Erth #######...   1%          5    None
e - Iron Shot             Conj/Erth      #######...   0%          6    ##.....
f - Borgnjor's Vile Clut  Necr/Erth      ######....   1%          5    None
g - Lehudib's Crystal Sp  Conj/Erth      #######...   1%          8    ######.
h - Shatter               Erth           #######...   2%          9    #######

Your spell library contained the following spells:

 Spells                   Type           Power        Failure   Level  Hunger
 Flame Tongue             Conj/Fire      #####        0%          1    None
 Magic Dart               Conj           ####         0%          1    None
 Passwall                 Tmut/Erth      ######..     0%          2    None
 Searing Ray              Conj           ######       0%          2    None
 Throw Flame              Conj/Fire      ######       0%          2    None
 Iskenderun's Mystic Bla  Conj           #######.     0%          4    None
 Animate Skeleton         Necr           N/A          1%          1    None
 Apportation              Tloc           ###...       1%          1    None
 Beastly Appendage        Tmut           ###...       1%          1    None
 Confusing Touch          Hex            ###...       1%          1    None
 Infusion                 Chrm           ###.         1%          1    None
 Shock                    Conj/Air       ####         1%          1    None
 Sting                    Conj/Pois      ####         1%          1    None
 Summon Butterflies       Summ           ###.....     1%          1    None
 Summon Small Mammal      Summ           ###.         1%          1    None
 Sticks to Snakes         Tmut           ###.....     1%          2    None
 Throw Frost              Conj/Ice       ######       1%          2    None
 Conjure Flame            Conj/Fire      ######..     1%          3    None
 Dazzling Spray           Conj/Hex       ######       1%          3    None
 Inner Flame              Hex/Fire       ####....     1%          3    None
 Mephitic Cloud           Conj/Pois/Air  #####...     1%          3    None
 Static Discharge         Conj/Air       ######..     1%          3    None
 Force Lance              Conj/Tloc      ######..     1%          4    None
 Fulminant Prism          Conj/Hex       ######....   1%          4    None
 Leda's Liquefaction      Hex/Erth       ######....   1%          4    None
 Petrify                  Tmut/Erth      ######..     1%          4    None
 Sticky Flame             Conj/Fire      ######..     1%          4    None
 Throw Icicle             Conj/Ice       ######..     1%          4    None
 Bolt of Draining         Conj/Necr      ######....   1%          5    None
 Fireball                 Conj/Fire      ######....   1%          5    None
 Irradiate                Conj/Tmut      ######....   1%          5    None
 Iskenderun's Battlesphe  Conj/Chrm      ######..     1%          5    None
 Lightning Bolt           Conj/Air       ######....   1%          5    None
 Venom Bolt               Conj/Pois      ######....   1%          5    None
 Bolt of Fire             Conj/Fire      ######....   1%          6    ##.....
 Orb of Destruction       Conj           #######...   1%          7    ####...
 Blink                    Tloc           N/A          2%          2    None
 Call Imp                 Summ           ###.....     2%          2    None
 Corpse Rot               Necr           N/A          2%          2    None
 Poisonous Vapours        Pois/Air       ###...       2%          2    None
 Shroud of Golubria       Chrm/Tloc      ###.......   2%          2    None
 Slow                     Hex            ###.....     2%          2    None
 Song of Slaying          Chrm           ###.....     2%          2    None
 Ignite Poison            Fire/Tmut/Pois ####....     2%          3    None
 Call Canine Familiar     Summ           ###.....     4%          3    None
 Confuse                  Hex            ###.....     4%          3    None
 Gell's Gravitas          Tloc           ###.......   4%          3    None
 Lesser Beckoning         Tloc           ###.......   4%          3    None
 Recall                   Summ/Tloc      N/A          4%          3    None
 Regeneration             Chrm/Necr      ###.......   4%          3    None
 Spectral Weapon          Hex/Chrm       ###.....     4%          3    None
 Spider Form              Tmut/Pois      ###.......   4%          3    None
 Summon Guardian Golem    Hex/Summ       ###.....     4%          3    None
 Tukima's Dance           Hex            ###.....     4%          3    None
 Bolt of Cold             Conj/Ice       ######....   4%          6    ##.....
 Conjure Ball Lightning   Conj/Air       ######....   4%          6    ##.....
 Poison Arrow             Conj/Pois      ######....   4%          6    ##.....
 Ice Form                 Ice/Tmut       ###.....     14%         4    None
 Animate Dead             Necr           N/A          17%         4    None
 Cause Fear               Hex            ###.......   17%         4    None
 Summon Ice Beast         Ice/Summ       ###.....     17%         4    None
 Summon Lightning Spire   Summ/Air       ###.....     17%         4    None
 Freezing Cloud           Conj/Ice/Air   #####.....   19%         6    ##.....
 Spellforged Servitor     Conj/Summ      ######....   28%         7    ####...
 Blade Hands              Tmut           ###.......   34%         5    None
 Alistair's Intoxication  Tmut/Pois      ###.....     38%         5    None
 Yara's Violent Unravell  Hex/Tmut       ###.......   38%         5    None
 Agony                    Necr           ###.....     45%         5    None
 Dispel Undead            Necr           ###.....     45%         5    None
 Excruciating Wounds      Chrm/Necr      ###.......   45%         5    None
 Metabolic Englaciation   Hex/Ice        ###.......   45%         5    None
 Summon Demon             Summ           ###.......   45%         5    None
 Summon Forest            Summ/Tloc      ###.......   45%         5    None
 Summon Mana Viper        Hex/Summ       ###.....     45%         5    None
 Hydra Form               Tmut           ###.......   91%         6    ##.....
 Chain Lightning          Conj/Air       ######....   92%         8    ######.
 Darkness                 Hex            ###.......   96%         6    ##.....
 Invisibility             Hex            ###.....     96%         6    ##.....
 Ozocubu's Refrigeration  Ice            ###.......   96%         6    ##.....
 Simulacrum               Ice/Necr       ###.......   96%         6    ##.....
 Dragon Form              Tmut           ###.......   100%        7    ####...
 Haunt                    Necr/Summ      ###.......   100%        7    ####...
 Malign Gateway           Summ/Tloc      ###.......   100%        7    ####...
 Monstrous Menagerie      Summ           ###.......   100%        7    ####...
 Ring of Flames           Chrm/Fire      ####......   100%        7    ####...
 Summon Greater Demon     Summ           ###.......   100%        7    ####...
 Death's Door             Chrm/Necr      ###.......   100%        8    ######.
 Discord                  Hex            ###.......   100%        8    ######.
 Disjunction              Tloc           ###.......   100%        8    ######.
 Ignition                 Fire           #####.....   100%        8    ######.
 Necromutation            Tmut/Necr      ###.......   100%        8    ######.
 Summon Horrible Things   Summ           ###.......   100%        8    ######.
 Glaciate                 Conj/Ice       ######....   100%        9    #######
 Tornado                  Air            ###.......   100%        9    #######
 Statue Form              Tmut/Erth      Unusable     N/A         6    N/A
 Sublimation of Blood     Necr           Unusable     N/A         2    N/A

Dungeon Overview and Level Annotations

Branches:
Dungeon (15/15)            Temple (1/1) D:6            Lair (6/6) D:8
 Shoals (4/4) Lair:2       Spider (4/4) Lair:3        Slime (0/5) Lair:6
    Orc (2/2) D:9             Elf (0/3) Orc:2        Vaults (4/5) D:14
  Crypt (0/3) Vaults:2     Depths (0/5) D:15

Altars:
Ashenzari
Cheibriados
Dithmenos
Elyvilon
Fedhas
Gozag
Hepliaklqana
Kikubaaqudgha
Makhleb
Nemelex Xobeh
Okawaru
Qazlal
Ru
Sif Muna
Trog
Uskayaw
Vehumet
Wu Jian
Xom
Yredelemnul
Zin
The Shining One
Beogh

Shops:
D:12 [   D:15 ?   Orc:2 **=(!   Shoals:4 *   Vaults:2 !

Annotations:
D:9 1 runed door
D:14 Arphiowuira's ghost, journeyman GrNe
Shoals:4 1 runed door, Nipext's ghost, adept HOFi
Vaults:4 Mennas


Innate Abilities, Weirdness & Mutations

You are resistant to torment.
Your stone body is resilient. (AC +16)
You are immune to poison.
Your large and strong wings let you fly indefinitely.
You resist negative energy. (rN+)
You are resistant to electric shocks. (rElec)
You can survive without breathing.
You are immune to petrification.
You are immune to rotting.
You are partially covered in icy blue scales. (AC +2)
Your mind is acute. (Int +2)
Your spells are a little easier to cast, but a little less powerful.


Message History

The bolt of magma hits the orc warrior.
You kill the orc warrior!
Sif Muna accepts your kill.
The zombie hands constrict Mennas.
You block Mennas's attack. Mennas completely misses you.
Casting: Bolt of Magma (safe; 1% risk of failure)
Confirm with . or Enter, or press ? or * to list all spells.
Aiming: Lee's Rapid Deconstruction (safe; 0% risk of failure)
Press: ? - help, Dir - move target cursor, f - yaktaur captain skeleton, p - Fragment what (e.g. wall or brittle monster)?: a yaktaur captain skeleton The yaktaur captain skeleton shatters!
The yaktaur captain skeleton is heavily damaged.
The blast of bone shards hits Mennas.
Mennas is almost dead.
The zombie hands constrict Mennas!
Mennas hits you with a +4 sacred scourge of holy wrath!!
* * * LOW HITPOINT WARNING * * *
Mennas closely misses you. Mennas hits you but does no damage.
Mennas hits you with a +4 sacred scourge of holy wrath!!
You die...

#########
#.......###########
#.......#.........#
#######
#.......#.........#
#..#..#..#
#.......#.........#
#..'..'..o
#.......'.........#
#..#..#..#
#.......#...ZA@...#
#.o#AZ#
#########.........#
#..#..# #####'########
#Z.#..# #........#
#..#..# #........#
#..#..#
#........########..#..#
#......Z.#......#..#
#.[......#......'..#
#........'.)....####


You could see Mennas and a yaktaur captain skeleton.

Vanquished Creatures
  Mara (Vaults:2)
  Arachne (Spider:3)
  Frances (D:12)
  2 sphinxes
  3 krakens
  An eldritch tentacle (WizLab)
  2 tengu reavers
  A storm dragon (Vaults:4)
  2 fire giants
  5 ghost moths
  5 deep elf sorcerers
  7 emperor scorpions
  9 vault wardens
  4 stone giants
  18 ironheart preservers
  10 very ugly things (Vaults:4)
  A war gargoyle (Vaults:4)
  A vampire knight (Vaults:2)
  3 entropy weavers
  5 deep elf demonologists
  A black draconian (WizLab)
  A spark wasp (Spider:3)
  A minotaur (Gauntlet)
  A deep elf annihilator (Vaults:4)
  3 ettins
  2 merfolk javelineers (Shoals:4)
  Snorg (D:10)
  A deep elf death mage (Vaults:3)
  11 yaktaur captains
  10 merfolk impalers
  2 crystal guardians
  3 fire dragons
  A vault guard (Vaults:2)
  2 great orbs of eyes
  7 hydras
  5 ice dragons
  3 rakshasas
  An alligator snapping turtle (Shoals:2)
  4 merfolk avatars
  3 death knights
  A catoblepas (Gauntlet)
  6 satyrs
  A merfolk aquamancer (Shoals:4)
  8 centaur warriors
  8 ogre magi
  An orc high priest (Orc:2)
  10 two-headed ogres
  Urug (D:14)
  A queen ant (Spider:2)
  A deep troll earth mage (Vaults:3)
  3 tengu warriors (D:15)
  Sonja (Orc:2)
  6 deep elf knights
  A shadow wraith (Vaults:3)
  2 hell knights
  11 skeletal warriors
  3 sixfirhies (WizLab)
  A storm dragon skeleton (Vaults:4)
  2 glowing orange brains
  5 deep trolls
  2 unseen horrors (D:15)
  2 obsidian statues
  6 wizards
  2 flayed ghosts (Vaults:3)
  12 sea snakes
  A wolf spider zombie (D:15)
  4 necromancers
  A phantasmal warrior (Vaults:3)
  6 deep elf archers
  14 deep elf magi
  14 ironbrand convokers
  6 harpies
  14 orb spiders
  16 ugly things
  An orb spider (shapeshifter) (Vaults:4)
  5 cyclopes
  10 orc knights
  10 manticores
  6 orc sorcerers
  A frost giant zombie (Vaults:3)
  24 fauns
  4 worldbinders (WizLab)
  2 salamanders (shapeshifter)
  37 wolf spiders
  3 moths of wrath
  A frost giant skeleton (Vaults:3)
  3 elephants (Lair:6)
  Psyche (D:10)
  12 vault sentinels
  8 water nymphs
  11 merfolk sirens
  A guardian serpent (Lair:6)
  2 molten gargoyles (Gauntlet)
  8 black mambas
  An apocalypse crab (WizLab)
  5 centaur zombies
  3 torpor snails (Spider:1)
  A demonspawn skeleton (WizLab)
  An orc skeleton (Vaults:3)
  4 gargoyles
  21 spiny frogs
  2 ice devils (WizLab)
  6 komodo dragons
  6 freezing wraiths
  38 yaktaurs
  14 demonic crawlers
  2 tengu conjurers (D:15)
  3 meliai (D:13)
  A troll (shapeshifter) (Vaults:1)
  2 trolls
  A polar bear (Lair:5)
  25 merfolk
  A jumping spider (shapeshifter) (Vaults:3)
  7 wind drakes
  4 hornets
  24 jumping spiders
  A harpy skeleton (D:15)
  9 hippogriffs
  12 slime creatures
  A stone giant simulacrum (Vaults:3)
  10 blink frogs
  A hippogriff (shapeshifter) (D:15)
  4 dream sheep
  A human simulacrum (Vaults:3)
  6 snapping turtles
  A shadow (D:15)
  2 spriggans (shapeshifter)
  A spriggan (D:7)
  4 vampires
  6 water elementals
  4 wraiths
  83 redbacks
  10 starcursed masses (WizLab)
  28 tarantellas
  13 wyverns
  16 humans (D:14)
  51 yaks
  A basilisk (D:15)
  A hungry ghost (D:12)
  2 steam dragons
  A yaktaur simulacrum (Vaults:3)
  2 vampire mosquitoes (D:10)
  5 spatial vortices (WizLab)
  An elf skeleton (WizLab)
  2 large abominations (WizLab)
  6 wargs
  An insubstantial wisp (WizLab)
  2 acid dragons
  27 water moccasins
  An acid dragon (shapeshifter) (Vaults:3)
  A small abomination (WizLab)
  37 soldier ants
  11 porcupines
  Duvessa (D:4)
  33 orc warriors
  6 sky beasts
  Purgy (Sewer)
  A necrophage (D:11)
  8 ice beasts
  22 ogres
  19 centaurs
  An ettin simulacrum (Vaults:3)
  A phantom (D:12)
  3 human zombies (Vaults:4)
  15 wolves
  11 crocodiles
  5 big kobolds
  21 bullfrogs
  A human skeleton (WizLab)
  Dowan (D:4)
  6 scorpions
  33 killer bees
  7 howler monkeys
  5 crimson imps
  4 centaur skeletons
  41 orc priests
  3 bullfrog skeletons
  7 hounds
  4 jellies
  4 iguanas
  An iguana (shapeshifter) (D:10)
  29 worker ants
  46 orc wizards
  A hound zombie (D:8)
  A hound skeleton (D:7)
  3 worker ant zombies
  10 adders
  3 gnolls (D:6)
  A howler monkey skeleton (D:5)
  A river rat (D:5)
  9 shadow imps
  2 white imps (Gauntlet)
  An adder zombie (D:9)
  6 adder skeletons
  2 worms (D:2)
  4 dart slugs
  6 leopard geckos
  104 orcs
  4 ball pythons
  9 bats
  5 giant cockroaches
  5 goblins
  14 hobgoblins
  11 jackals
  7 quokkas
  8 frilled lizards
  24 kobolds
  A leopard gecko skeleton (D:4)
  A quokka skeleton (D:6)
  10 rats
  9 plants
  9 tentacles
1616 creatures vanquished.

Vanquished Creatures (collateral kills)
  A hydra (D:12)
1 creature vanquished.

Vanquished Creatures (others)
  A rakshasa (WizLab)
  2 yaktaurs
  A centaur (D:11)
  A kobold (D:10)
  8 fungi
  A lurking horror (WizLab)
  170 plants
  38 tentacles
222 creatures vanquished.

Grand Total: 1839 creatures vanquished

Notes
Turn   | Place    | Note
-------+----------+-------------------------------------------
     0 | D:1      | JeffiDaFish the Gargoyle Earth Elementalist began the quest
                  | for the Orb.
     0 | D:1      | Reached XP level 1. HP: 10/10 MP: 3/3
    53 | D:1      | Reached skill level 4 in Earth Magic
    76 | D:1      | Reached XP level 2. HP: 4/15 MP: 0/5
   532 | D:1      | Reached XP level 3. HP: 19/19 MP: 6/6
   550 | D:1      | Learned a level 3 spell: Stone Arrow
   754 | D:1      | Reached skill level 5 in Earth Magic
   919 | D:2      | Found a snail-covered altar of Cheibriados.
  1653 | D:3      | Reached XP level 4. HP: 21/24 MP: 7/7
  1901 | D:3      | Reached skill level 6 in Earth Magic
  1901 | D:3      | Reached XP level 5. HP: 25/28 MP: 9/9
  2611 | D:4      | Learned a level 5 spell: Lee's Rapid Deconstruction
  2653 | D:4      | Reached XP level 6. HP: 32/32 MP: 10/10
  2667 | D:4      | Found a sacrificial altar of Ru.
  2694 | D:4      | Noticed Duvessa
  2694 | D:4      | Noticed Dowan
  2853 | D:4      | Found an iron altar of Okawaru.
  2866 | D:4      | Reached skill level 7 in Earth Magic
  2987 | D:4      | Reached skill level 8 in Earth Magic
  2987 | D:4      | Reached XP level 7. HP: 20/36 MP: 5/13
  3234 | D:4      | Upgraded the game from 0.23-a0-536-g5e0f5a2 to
                  | 0.23-a0-539-g3f6f39f
  3266 | D:4      | Killed Dowan
  3285 | D:4      | Killed Duvessa
  3752 | D:5      | Entered Level 5 of the Dungeon
  3758 | D:5      | Reached skill level 9 in Earth Magic
  3814 | D:5      | Found a glowing drain.
  3846 | D:5      | Reached XP level 8. HP: 37/41 MP: 3/15
  3854 | Sewer    | Entered a sewer
  3967 | Sewer    | Noticed Purgy
  3972 | Sewer    | Killed Purgy
  3972 | Sewer    | Reached skill level 5 in Spellcasting
  4155 | D:5      | Reached skill level 10 in Earth Magic
  4635 | D:5      | Found an opulent altar of Gozag.
  4835 | D:6      | Reached skill level 11 in Earth Magic
  4854 | D:6      | Gained mutation: Your mind is acute. (Int +2) [potion of
                  | mutation]
  4854 | D:6      | Gained mutation: Your spells are a little easier to cast,
                  | but a little less powerful. [potion of mutation]
  4854 | D:6      | Gained mutation: You are partially covered in icy blue
                  | scales. (AC +2) [potion of mutation]
  4896 | D:6      | Found a glowing golden altar of the Shining One.
  4920 | D:6      | Got a vibrating amber ring
  4921 | D:6      | Identified the ring of Kixeus {+Inv rElec rF+ Str+10 Dex-5}
                  | (You found it on level 6 of the Dungeon)
  5262 | D:6      | Identified the Compendium of Damaging Boosts
  5268 | D:6      | Learned a level 3 spell: Conjure Flame
  5329 | D:6      | Reached XP level 9. HP: 45/45 MP: 16/18
  5553 | D:6      | Found a staircase to the Ecumenical Temple.
  5629 | Temple   | Entered the Ecumenical Temple
  5721 | Temple   | Became a worshipper of Sif Muna the Loreminder
  5973 | D:7      | Reached skill level 12 in Earth Magic
  6168 | D:7      | Reached * piety under Sif Muna
  6460 | D:8      | Reached skill level 13 in Earth Magic
  6504 | D:8      | Reached ** piety under Sif Muna
  6519 | D:8      | Reached XP level 10. HP: 21/50 MP: 11/21
  6917 | D:8      | Found an iron altar of Okawaru.
  6918 | D:8      | Reached skill level 14 in Earth Magic
  7050 | D:8      | Reached *** piety under Sif Muna
  7140 | D:8      | Found a staircase to the Lair.
  7571 | D:9      | Found a runed gate.
  7572 | D:9      | Found a runed gate.
  7572 | D:9      | Found a runed gate.
  7578 | D:9      | Found a runed door.
  7578 | D:9      | Found a runed door.
  7589 | D:9      | Reached skill level 15 in Earth Magic
  7608 | D:9      | Reached **** piety under Sif Muna
  7884 | D:9      | Found a radiant altar of Vehumet.
  7930 | D:9      | Reached XP level 11. HP: 34/54 MP: 10/23
  7975 | D:9      | Noticed a two-headed ogre
  8298 | D:9      | Killed a two-headed ogre
  8456 | D:9      | Found a staircase to the Orcish Mines.
  8477 | D:9      | Reached skill level 16 in Earth Magic
  8736 | D:9      | Found the +9 staff of Olgreb {rPois}
  8771 | D:9      | Reached ***** piety under Sif Muna
  8860 | D:9      | Found a burning altar of Makhleb.
  8895 | D:10     | Entered Level 10 of the Dungeon
  9006 | D:10     | Identified Sif Muna's Grimoire of Attacks (Sif Muna gifted
                  | it to you on level 10 of the Dungeon)
  9006 | D:10     | Received a gift from Sif Muna
  9317 | D:10     | Noticed Psyche
  9324 | D:10     | Killed Psyche
  9505 | D:10     | Noticed Snorg
  9512 | D:10     | Killed Snorg
  9608 | D:10     | Reached skill level 17 in Earth Magic
  9642 | D:10     | Noticed a cyclops
  9653 | D:10     | Noticed a red ugly thing
  9686 | D:10     | Killed a red ugly thing
  9686 | D:10     | Reached skill level 1 in Armour
  9686 | D:10     | Reached skill level 10 in Spellcasting
  9704 | D:10     | Killed a cyclops
  9724 | D:10     | Reached XP level 12. HP: 39/59 MP: 0/26
 10146 | Lair:1   | Entered Level 1 of the Lair of Beasts
 10860 | Lair:1   | Learned a level 5 spell: Bolt of Magma
 11271 | Lair:2   | Identified Sif Muna's Tome of Hurtful Malediction (Sif Muna
                  | gifted it to you on level 2 of the Lair of Beasts)
 11271 | Lair:2   | Received a gift from Sif Muna
 11303 | Lair:2   | Noticed a four-headed hydra
 11310 | Lair:2   | Killed a four-headed hydra
 11310 | Lair:2   | Reached skill level 18 in Earth Magic
 11513 | Lair:2   | Found a staircase to the Shoals.
 11825 | Lair:2   | Reached skill level 5 in Armour
 12294 | Lair:3   | Noticed an eight-headed hydra
 12307 | Lair:3   | Killed an eight-headed hydra
 12519 | Lair:3   | Found a hole to the Spider Nest.
 12550 | Lair:3   | Reached XP level 13. HP: 46/63 MP: 25/28
 12554 | Lair:3   | Reached skill level 1 in Conjurations
 12886 | Lair:3   | Reached skill level 19 in Earth Magic
 13217 | Lair:4   | Identified Sif Muna's Volume of Earthen Black Secrets (Sif
                  | Muna gifted it to you on level 4 of the Lair of Beasts)
 13217 | Lair:4   | Received a gift from Sif Muna
 13342 | Lair:4   | You fall through a shaft for 2 floors!
 13342 | Lair:6   | Entered Level 6 of the Lair of Beasts
 13368 | Lair:6   | Found a staircase to the Slime Pits.
 15746 | Lair:6   | Reached skill level 5 in Conjurations
 15804 | Lair:6   | Reached skill level 20 in Earth Magic
 16183 | Lair:5   | Identified Sif Muna's Compendium of Dusty Combat Magic (Sif
                  | Muna gifted it to you on level 5 of the Lair of Beasts)
 16183 | Lair:5   | Received a gift from Sif Muna
 16586 | Lair:6   | Gained mutation: Your large and strong wings let you fly
                  | indefinitely. [Gargoyle growth]
 16586 | Lair:6   | Reached XP level 14. HP: 68/68 MP: 26/30
 18739 | D:12     | Noticed Frances
 18755 | D:12     | Noticed a tengu reaver
 18913 | D:12     | Killed a tengu reaver
 18929 | D:12     | Identified the cursed +1 falchion "Huili" {slice, *Contam
                  | rF+ rC+ Stlth+} (You found it on level 12 of the Dungeon)
 19004 | D:12     | Identified Sif Muna's Handbook of Fiery Arcane Weapons (Sif
                  | Muna gifted it to you on level 12 of the Dungeon)
 19004 | D:12     | Received a gift from Sif Muna
 19032 | D:12     | Learned a level 6 spell: Iron Shot
 19256 | D:12     | Killed Frances
 19256 | D:12     | Reached skill level 1 in Fighting
 19256 | D:12     | Reached skill level 21 in Earth Magic
 19407 | D:12     | Found Puup's Antique Armour Emporium.
 19415 | D:12     | Bought a spiked helmet for 266 gold pieces
 19415 | D:12     | Bought a jacinth-encrusted leather armour for 196 gold
                  | pieces
 19420 | D:12     | Identified the +1 helmet of Absolutism {rN+ Str+2} (You
                  | bought it in a shop on level 12 of the Dungeon)
 19430 | D:12     | Identified the +1 leather armour of Recklessness {Dex+4}
                  | (You bought it in a shop on level 12 of the Dungeon)
 20035 | D:13     | Learned a level 5 spell: Borgnjor's Vile Clutch
 20515 | D:13     | Identified the cursed +0 helmet "Pigez" {rN+} (You found it
                  | on level 13 of the Dungeon)
 21084 | D:14     | Found a runed gate.
 21084 | D:14     | Found a runed gate.
 21085 | D:14     | Found a runed gate.
 21086 | D:14     | Found an opulent altar of Gozag.
 21095 | D:14     | Noticed Arphiowuira's ghost (journeyman GrNe)
 21095 | D:14     | Noticed a sphinx
 21100 | D:14     | Reached XP level 15. HP: 47/78 MP: 29/31
 21103 | D:14     | Killed a sphinx
 21562 | D:14     | Reached skill level 1 in Fire Magic
 21625 | D:14     | Received a gift from Sif Muna
 21790 | D:14     | Found a gate to the Vaults.
 22072 | D:14     | Found an iron altar of Okawaru.
 22097 | D:14     | Noticed Urug
 22103 | D:14     | Killed Urug
 22236 | D:15     | Entered Level 15 of the Dungeon
 22236 | D:15     | Found a gate leading to a gauntlet.
 22256 | Gauntlet | Entered a Gauntlet
 22256 | Gauntlet | Found a transporter.
 22256 | Gauntlet | Found a transporter.
 22259 | Gauntlet | Found a transporter.
 22259 | Gauntlet | Found a transporter.
 22287 | Gauntlet | Found a transporter.
 22346 | Gauntlet | Found a transporter.
 22382 | Gauntlet | Found a transporter.
 22409 | Gauntlet | Got a brightly glowing lead amulet
 22561 | Gauntlet | Found a transporter.
 22564 | Gauntlet | Identified the +5 short sword "Mailly" {protect, Int+4}
 22564 | Gauntlet | Identified the ring "Tuiczun" {rC++ MR+ Stlth+}
 22598 | Gauntlet | Identified the amulet "Inipeb Eblith" {Inacc *Contam *Drain
                  | Int+9} (You found it in a Gauntlet)
 22641 | D:15     | Reached skill level 5 in Fighting
 23058 | D:15     | Reached skill level 22 in Earth Magic
 23168 | D:15     | Reached skill level 10 in Conjurations
 23402 | D:15     | Found a staircase to the Depths.
 23536 | D:15     | Reached XP level 16. HP: 11/88 MP: 2/33
 23743 | D:15     | Identified Sif Muna's Compendium of Enthralling Lightness
                  | (Sif Muna gifted it to you on level 15 of the Dungeon)
 23743 | D:15     | Received a gift from Sif Muna
 23852 | D:15     | Found Ycwy Ewo's Magic Scroll Emporium.
 23930 | D:15     | Bought a scroll of teleportation for 48 gold pieces
 23930 | D:15     | Bought a scroll of identify for 32 gold pieces
 23930 | D:15     | Bought a scroll of teleportation for 48 gold pieces
 24143 | Orc:1    | Entered Level 1 of the Orcish Mines
 24844 | Orc:2    | Entered Level 2 of the Orcish Mines
 25133 | Orc:2    | Found a staircase to the Elven Halls.
 25133 | Orc:2    | Found Utrigo's General Store.
 25371 | Orc:2    | Found Obleclyo's Distillery.
 25373 | Orc:2    | Found Kaphum's Antique Weapon Shop.
 25388 | Orc:2    | Found Uharch's Assorted Antiques.
 25490 | Orc:2    | Found Atwegig's Jewellery Boutique.
 25593 | Orc:2    | Bought a potion of curing for 39 gold pieces
 25593 | Orc:2    | Bought a potion of heal wounds for 65 gold pieces
 25593 | Orc:2    | Bought a potion of curing for 39 gold pieces
 25593 | Orc:2    | Bought a potion of curing for 39 gold pieces
 25730 | Orc:2    | Found a roughly hewn altar of Beogh.
 26045 | Orc:2    | Noticed Sonja
 26051 | Orc:2    | Killed Sonja
 26386 | Spider:1 | Entered Level 1 of the Spider Nest
 26847 | Spider:1 | Identified Sif Muna's Reference Book on Confrontation (Sif
                  | Muna gifted it to you on level 1 of the Spider Nest)
 26847 | Spider:1 | Received a gift from Sif Muna
 26860 | Spider:1 | Learned a level 8 spell: Lehudib's Crystal Spear
 26938 | Spider:1 | Reached ****** piety under Sif Muna
 27825 | Spider:1 | Upgraded the game from 0.23-a0-539-g3f6f39f to
                  | 0.23-a0-550-g7de1f8e
 28043 | Spider:2 | Reached skill level 23 in Earth Magic
 29342 | Spider:3 | Received a gift from Sif Muna
 29346 | Spider:3 | Reached XP level 17. HP: 71/93 MP: 0/35
 30365 | Spider:3 | Noticed Arachne
 30390 | Spider:3 | Killed Arachne
 30655 | Spider:4 | Entered Level 4 of the Spider Nest
 31580 | Spider:4 | Reached skill level 24 in Earth Magic
 31957 | Spider:4 | Identified Sif Muna's Guide on the Rocks and Combat Magic
                  | (Sif Muna gifted it to you on level 4 of the Spider Nest)
 31957 | Spider:4 | Received a gift from Sif Muna
 31976 | Spider:4 | Learned a level 9 spell: Shatter
 33545 | Spider:4 | Got a gossamer rune of Zot
 33574 | Spider:4 | Reached XP level 18. HP: 93/98 MP: 0/36
 33822 | Shoals:1 | Entered Level 1 of the Shoals
 34236 | Lair:2   | Identified Sif Muna's Collected Works on the Supportive
                  | Mountains (Sif Muna gifted it to you on level 2 of the Lair
                  | of Beasts)
 34236 | Lair:2   | Received a gift from Sif Muna
 34678 | Shoals:1 | You are sucked into a shaft!
 34858 | Shoals:2 | Reached skill level 15 in Spellcasting
 35704 | Shoals:2 | Reached skill level 25 in Earth Magic
 37585 | Shoals:4 | Entered Level 4 of the Shoals
 37596 | Shoals:4 | Received a gift from Sif Muna
 38351 | Shoals:4 | Identified the ring "Fucojeaz" {+Blink rElec Str+8 Int-2
                  | Dex+5}
 39133 | Shoals:4 | Found a runed door.
 39139 | Shoals:4 | Noticed Nipext's ghost (adept HOFi)
 39328 | Shoals:4 | Reached XP level 19. HP: 58/103 MP: 31/38
 39893 | Shoals:4 | Found Valiy's General Store.
 40369 | Shoals:4 | Bought a scroll of teleportation for 39 gold pieces
 40659 | Shoals:4 | Got a barnacled rune of Zot
 40919 | Vaults:1 | Entered Level 1 of the Vaults
 41252 | Vaults:1 | Identified Sif Muna's Catalogue of Mutagenic Enchantment
                  | (Sif Muna gifted it to you on level 1 of the Vaults)
 41252 | Vaults:1 | Received a gift from Sif Muna
 41252 | Vaults:1 | Reached skill level 26 in Earth Magic
 42858 | Vaults:1 | Reached skill level 15 in Conjurations
 44444 | Vaults:2 | Found a staircase to the Crypt.
 44708 | Vaults:2 | Noticed Mara
 44895 | Vaults:2 | Killed Mara
 44895 | Vaults:2 | Received a gift from Sif Muna
 45441 | Vaults:2 | Found Orrall's Distillery.
 45450 | Vaults:2 | Bought a potion of mutation for 96 gold pieces
 45450 | Vaults:2 | Bought a potion of cancellation for 96 gold pieces
 45450 | Vaults:2 | Bought 2 potions of brilliance for 96 gold pieces
 45450 | Vaults:2 | Bought a potion of heal wounds for 60 gold pieces
 45450 | Vaults:2 | Bought a potion of heal wounds for 60 gold pieces
 45450 | Vaults:2 | Bought a potion of curing for 36 gold pieces
 45600 | Vaults:2 | Identified the cursed +0 plate armour of Geton {rElec rF+
                  | rC+} (You found it on level 2 of the Vaults)
 45771 | Vaults:2 | Reached skill level 1 in Shields
 45804 | Vaults:1 | Reached XP level 20. HP: 102/108 MP: 6/40
 46565 | Vaults:2 | Reached skill level 27 in Earth Magic
 47215 | Vaults:3 | Found a magical portal.
 47222 | WizLab   | Entered The Roulette of Golubria
 47222 | WizLab   | Found a transporter.
 47225 | WizLab   | Found a corrupted altar of Lugonu.
 47280 | WizLab   | Found a transporter.
 47280 | WizLab   | Found a transporter.
 47534 | WizLab   | Found a transporter.
 47634 | WizLab   | Found a transporter.
 47673 | WizLab   | Found a transporter.
 47711 | WizLab   | Found a transporter.
 47777 | WizLab   | Found a transporter.
 47784 | WizLab   | Found a transporter.
 47834 | WizLab   | Found a transporter.
 47869 | WizLab   | Found a transporter.
 48162 | WizLab   | Found a transporter.
 48164 | WizLab   | Found a transporter.
 48203 | WizLab   | Identified Qitim's Tome of Translocation
 48208 | WizLab   | Found a transporter.
 48219 | WizLab   | Identified the cursed +0 cloak of Nutteps {rN+} (You found
                  | it in a wizard's laboratory)
 48769 | WizLab   | Identified the ring "Jun Wafu" {Ice MR+}
 48769 | WizLab   | Found a transporter.
 48769 | WizLab   | Found a transporter.
 48792 | WizLab   | Found a corrupted altar of Lugonu.
 48806 | WizLab   | Found a transporter.
 48806 | WizLab   | Found a transporter.
 48810 | WizLab   | Identified Sif Muna's Guide on Aerial Conjuration (Sif Muna
                  | gifted it to you in a wizard's laboratory)
 48810 | WizLab   | Received a gift from Sif Muna
 48839 | WizLab   | Got a wavering steel ring
 48840 | WizLab   | Identified the ring "Onge" {rPois rN+ MR+ Dex+3 Stlth+}
                  | (You found it in a wizard's laboratory)
 49008 | WizLab   | Found a transporter.
 49008 | WizLab   | Found a transporter.
 49009 | WizLab   | Paralysed by a great orb of eyes for 3 turns
 50422 | Vaults:2 | Identified Sif Muna's Almanac of Unstable Battle Magic (Sif
                  | Muna gifted it to you on level 2 of the Vaults)
 50422 | Vaults:2 | Received a gift from Sif Muna
 50556 | Vaults:3 | Identified the cursed +3 trident of Dishonesty {pierce, rN+
                  | Str+2 Int+6}
 51133 | Vaults:3 | Reached XP level 21. HP: 112/112 MP: 40/42
 52681 | Vaults:4 | Identified Kory's Disquisition on Supportive Hexes (Sif
                  | Muna gifted it to you on level 4 of the Vaults)
 52681 | Vaults:4 | Received a gift from Sif Muna
 53908 | Vaults:4 | Paralysed by a sphinx for 3 turns
 54182 | Vaults:4 | Noticed Mennas
 54222 | Vaults:4 | Mangled by Mennas

Vault maps used:
D:1:      dpeg_arrival_rooms_c
D:2:      cheibriados_altar_1
D:4:      okawaru_ov_weapons_minmay, first_ration, minmay_misc_feat_enclosed,
          nicolae_ru_awakened_eye, uniq_duvessa
D:5:      lemuel_coloured_pillars_altar, cheibrodos_sewer_entry_sluice
D:6:      tso_metal_star, minmay_temple_entry_purple_smoke, corner_web_ring
D:7:      the_bakery, kennysheep_generic_room_4
D:8:      erik_lair_orcish_takeover, basic_altar
D:9:      makhleb_grotto_becter, vehumet_crystals, erik_orc_4,
          minmay_guarded_unrand_staff_of_olgreb
D:10:     minivault_12, uniq_psyche, uniq_snorg
D:12:     serial_shops, nicolae_shop_competitors_out_of_business,
          kennysheep_just_a_vault, uniq_frances
D:13:     kennysheep_island_fort
D:14:     david_vaults_3, ebering_ghost_gozag, basic_altar
D:15:     hangedman_depths_entry_civil_slaughter, gauntlet_entry_generic,
          serial_shops, nicolae_shop_trees, minmay_misc_feat_nine_boxes
Temple:   eino_temple_rhombus
Lair:1:   minivault_27, patterned_corridor, infiniplex_staircase_pool_2,
          lemuel_fruit_fields, lemuel_fruit_fields
Lair:2:   elwin_shoals_entry_rocks
Lair:3:   dummy_spider_entry
Lair:5:   serial_forest, infiniplex_forest_straight_4,
          infiniplex_forest_clump_small, infiniplex_forest_clump_curved,
          infiniplex_forest_corner_1, infiniplex_forest_lined_2,
          infiniplex_forest_lined_3, infiniplex_forest_end_2,
          infiniplex_forest_lined_3_way, serial_bayou_pond_e,
          serial_bayou_shore_b, grunt_megastairs_5, lemuel_fruit_tree,
          serial_bayou_shore_b, infiniplex_staircase_pool
Lair:6:   hangedman_lair_tendril_chambers, slime_dummy
Shoals:2: nicolae_shoals_circle_sea_wall
Shoals:4: shoals_end_grunt_garden, serial_shops, shop, ebering_ghost_inner_flame
Spider:2: minivault_29
Spider:3: uniq_arachne
Spider:4: grunt_spider_rune_circles, nicolae_spider_cling_ruins
Orc:1:    serial_shops, shop
Orc:2:    st_orc_mages, serial_shops, shop_fountains, basic_altar, uniq_sonja
Vaults:1: nicolae_vaults_network_quincunx, v_misc_5, nicolae_vaults_alarming,
          hangedman_vaults_capsules, nicolae_vaults_lopsided_apartments,
          dpeg_vaults_monster_row, nicolae_vaults_rhombus_6,
          vaults_room_large_hall, v_misc_4
Vaults:2: nicolae_vaults_inception_scallops, hangedman_vaults_restitches,
          grunt_vaults_hallway_long, v_misc_29, v_misc_8, v_misc_3,
          minmay_crypt_entry_vampire_xt, v_misc_12, v_misc_2,
          vaults_mumra_minichess_inversion, v_misc_25,
          nicolae_vaults_back_hallway, v_misc_14,
          nicolae_vaults_ring_of_whatevers, serial_shops, nicolae_shop_trees,
          uniq_mara
Vaults:3: hangedman_vaults_corner_blocks, dpeg_vaults_pockets_of_resistance,
          ontoclasm_vaults_chip, nicolae_vaults_network_square,
          grunt_vaults_hallway_long, nicolae_vaults_diagonal_hallway_8,
          ontoclasm_vaults_ring_small, nicolae_vaults_network_star,
          vaults_room_semicircle, infiniplex_enter_wizlab_glasses
Vaults:4: vaults_mumra_hex, ontoclasm_vaults_ring_small,
          vaults_room_hangedman_quadrants, vaults_room_semicircle, v_misc_2,
          vaults_room_grid, v_pattern_3, vaults_room_pools, v_misc_16,
          v_misc_11, v_misc_8, nicolae_vaults_angled_halls, uniq_mennas
Sewer:    sewer_co_purgy_island
WizLab:   wizlab_golubria
Gauntlet: gammafunk_gauntlet_branching

Skill      XL: |  1  2  3  4  5  6  7  8  9 10 11 12 13 14 15 16 17 18 19 20 21 |
---------------+----------------------------------------------------------------+-----
Earth Magic    | 4 5 6 8 9 11 13 15 17 18 20 21 22 23 24 25 26 27 | 27.0
Spellcasting   | 3 4 6 7 8 10 11 12 13 14 15 16 17 | 17.7
Armour         | 2 5 6 |  6.0
Conjurations   | 5 8 10 11 13 14 15 17 19 | 19.4
Fighting       | 3 5 6 |  6.0
Fire Magic     | 3 4 |  4.0
Shields        | 1 4 |  4.0
Dodging        | |  1.5
Stealth        | |  2.2
Transmutations | |  0.7

Action                   |  1- 3 |  4- 6 |  7- 9 | 10-12 | 13-15 | 16-18 | 19-21 || total
-------------------------+-------+-------+-------+-------+-------+-------+-------++-------
Melee: Unarmed           |    19 |       |       |       |       |       |       ||    19
       Short sword       |    24 |   148 |   294 |   317 |   962 |   846 |   363 ||  2954
 Cast: Sandblast         |    34 |    17 |    48 |   131 |   148 |   270 |   139 ||   787
       Stone Arrow       |    12 |     7 |    28 |    78 |   172 |    83 |    26 ||   406
       Lee's Rapid Decon |       |     3 |    10 |    59 |   120 |    56 |    83 ||   331
       Bolt of Magma     |       |       |       |       |    22 |   244 |   302 ||   568
       Iron Shot         |       |       |       |       |    51 |   114 |   105 ||   270
       Borgnjor's Vile C |       |       |       |       |    17 |   116 |    73 ||   206
       Lehudib's Crystal |       |       |       |       |       |     8 |     3 ||    11
       Shatter           |       |       |       |       |       |     1 |     9 ||    10
Invok: Divine Energy     |       |       |       |     1 |       |       |       ||     1
 Abil: Fly               |       |       |       |       |     1 |       |       ||     1
Evoke: Wand              |       |       |       |     1 |       |       |       ||     1
  Use: Scroll            |     8 |     4 |     4 |     6 |    18 |     7 |     8 ||    55
       Potion            |     4 |     3 |     3 |     1 |     3 |     2 |     2 ||    18
 Stab: Sleeping          |     2 |     1 |     3 |       |     2 |     4 |     1 ||    13
       Distracted        |       |       |     1 |       |       |       |       ||     1
  Eat: Chunk             |     5 |     6 |    14 |    29 |    43 |    52 |    37 ||   186
       Ration            |       |       |     1 |     1 |     7 |    10 |     7 ||    26
Armor: Robe              |    14 |    49 |   127 |   124 |       |       |       ||   314
       Troll leather arm |       |       |       |    96 |   716 |  1486 |   382 ||  2680
Dodge: Dodged            |    27 |   140 |   220 |   449 |   917 |   985 |   235 ||  2973
Block: Other             |       |       |    21 |    70 |   331 |   403 |    47 ||   872
       Reflection        |       |       |     1 |     4 |    14 |    16 |    26 ||    61
       Buckler           |       |       |       |       |       |       |   155 ||   155

Table legend:
 A = Non-vault XP
 B = Vault XP
 C = Vault XP percentage of total XP
 D = Non-vault monster count
 E = Vault monster count
 F = Vault count percentage of total count
                 A         B        C        D         E       F
            +---------+---------+-------+---------+---------+-------
      Total |  318674 |  253952 |  44.3 |    1086 |     518 |  32.3
            +---------+---------+-------+---------+---------+-------
        D:1 |      45 |       0 |   0.0 |      24 |       0 |   0.0
        D:2 |      31 |       0 |   0.0 |      13 |       0 |   0.0
        D:3 |     106 |       0 |   0.0 |      26 |       0 |   0.0
        D:4 |     566 |     207 |  26.8 |      37 |       2 |   5.1
        D:5 |     703 |      16 |   2.2 |      30 |       3 |   9.1
        D:6 |     664 |       0 |   0.0 |      22 |       0 |   0.0
        D:7 |     844 |     356 |  29.7 |      19 |       2 |   9.5
        D:8 |    1869 |     686 |  26.8 |      36 |       9 |  20.0
        D:9 |    2635 |    3171 |  54.6 |      39 |      41 |  51.2
       D:10 |    2782 |    3957 |  58.7 |      45 |      13 |  22.4
       D:11 |    2169 |       0 |   0.0 |      34 |       0 |   0.0
       D:12 |   10798 |    4354 |  28.7 |      43 |       2 |   4.4
       D:13 |    4531 |     579 |  11.3 |      18 |       3 |  14.3
       D:14 |    7140 |   12736 |  64.1 |      16 |      26 |  61.9
       D:15 |   19325 |    5285 |  21.5 |      44 |       6 |  12.0
     Lair:1 |    3527 |       0 |   0.0 |      18 |       0 |   0.0
     Lair:2 |   13699 |       0 |   0.0 |      48 |       0 |   0.0
     Lair:3 |    4655 |       0 |   0.0 |      15 |       0 |   0.0
     Lair:4 |    4172 |       0 |   0.0 |      15 |       0 |   0.0
     Lair:5 |    5492 |     751 |  12.0 |      19 |       4 |  17.4
     Lair:6 |    8816 |    9169 |  51.0 |      37 |      32 |  46.4
   Shoals:1 |    4722 |       0 |   0.0 |      11 |       0 |   0.0
   Shoals:2 |   19611 |       0 |   0.0 |      32 |       0 |   0.0
   Shoals:3 |   15354 |       0 |   0.0 |      29 |       0 |   0.0
   Shoals:4 |   20497 |   18061 |  46.8 |      37 |      28 |  43.1
   Spider:1 |   18001 |    2899 |  13.9 |      48 |      14 |  22.6
   Spider:2 |    8062 |    5283 |  39.6 |      33 |      31 |  48.4
   Spider:3 |   23792 |    4301 |  15.3 |      61 |       3 |   4.7
   Spider:4 |   13444 |   24266 |  64.3 |      36 |      34 |  48.6
      Orc:1 |    2344 |       0 |   0.0 |      30 |       0 |   0.0
      Orc:2 |    2314 |    6099 |  72.5 |      18 |      50 |  73.5
   Vaults:1 |   14557 |   30662 |  67.8 |      28 |      38 |  57.6
   Vaults:2 |   16941 |   25191 |  59.8 |      37 |      30 |  44.8
   Vaults:3 |   18773 |   48029 |  71.9 |      31 |      58 |  65.2
   Vaults:4 |   44412 |   24892 |  35.9 |      49 |      32 |  39.5
      Sewer |       0 |     152 | 100.0 |       0 |       8 | 100.0
     WizLab |    1281 |   18291 |  93.5 |       8 |      39 |  83.0
   Gauntlet |       0 |    4559 | 100.0 |       0 |      10 | 100.0
            +---------+---------+-------+---------+---------+-------
